 Dungeon Crawl Stone Soup version 0.30-a0-374-g95c0257040 (webtiles) character file.

Game seed: 611462463552408236

401 Shayle the Conjurer (level 6, -5/70 HPs)
             Began as a Demonspawn Reaver on Nov 27, 2022.
             Killed by nerve-wracking pain
             ... invoked by an orc priest
              (13 damage)
             ... on level 4 of the Dungeon.
             The game lasted 00:06:07 (3109 turns).

Shayle the Conjurer (Demonspawn Reaver)             Turns: 3109, Time: 00:06:08

Health: -5/70      AC: 12    Str: 12    XL:     6   Next: 54%
Magic:  10/10      EV: 12    Int: 17    God:
Gold:   200        SH:  0    Dex: 17    Spells: 10/11 levels left

rFire   . . .      SeeInvis .    e - +0 dagger (venom)
rCold   + . .      Faith    .    (no shield)
rNeg    . . .      Spirit   .    q - +2 scale mail {rC+}
rPois   .          Reflect  .    (no helmet)
rElec   .          Harm     .    (no cloak)
rCorr   .          Rampage  .    h - +2 pair of gloves
Will    .....                    v - +0 pair of boots
Stlth   ..........               (no amulet)
HPRegen 0.31/turn                k - +6 ring of dexterity
MPRegen 0.12/turn                (no ring)

@: confused, berserking, ambrosia-drunk, very quick
A: hooves 1, repulsion field 1, powered by death 1, condensation shield
a: no special abilities


You were on level 4 of the Dungeon.
You visited 1 branch of the dungeon, and saw 4 of its levels.

You collected 200 gold pieces.

Inventory:

Hand Weapons
 a - a +0 hand axe
 e - a +0 dagger of venom (weapon)
Armour
 b - a +1 leather armour
 h - a +2 pair of gloves (worn)
 q - a +2 scale mail of cold resistance (worn)
 v - a +0 pair of boots (worn)
Jewellery
 k - a +6 ring of dexterity (left hand)
Scrolls
 d - a scroll of amnesia {unknown}
 g - 2 scrolls of fear {unknown}
 l - a scroll of magic mapping {unknown}
 m - a scroll of summoning {unknown}
 r - 3 scrolls of teleportation
 t - a scroll of blinking {unknown}
 u - a scroll of identify
Potions
 c - 2 potions of mutation
 i - 2 potions of cancellation
 j - a potion of curing {unknown}
 o - a potion of degeneration {unknown}
 p - a potion of brilliance {unknown}
 s - a potion of heal wounds {unknown}


   Skills:
 + Level 3.4 Fighting
 + Level 3.8 Axes
 + Level 3.2 Dodging
 + Level 3.3 Spellcasting
 + Level 4.3 Conjurations


You had 10 spell levels left.
You knew the following spells:

 Your Spells              Type           Power      Damage    Failure   Level
a - Kiss of Death         Conj/Necr      40%        2d8       36%         1

Your spell library contained the following spells:

 Spells                   Type           Power      Damage    Failure   Level
 Momentum Strike          Conj/Tloc      20%        3d8       52%         2
 Hailstorm                Conj/Ice       10%        3d5       75%         3
 Leda's Liquefaction      Hex/Erth       1%         N/A       100%        4
 Lee's Rapid Deconstruct  Erth           1%         3d4*      100%        5
 Statue Form              Tmut/Erth      1%         N/A       100%        6


Dungeon Overview and Level Annotations

Branches:
Dungeon (4/15)
 Temple: D:4-7

Altars:
Cheibriados
Fedhas
Okawaru
Qazlal


Innate Abilities, Weirdness & Mutations

You have large cloven feet.
You are surrounded by a mild repulsion field. (EV +2)
You regenerate a little health from kills.
A meltable shield of frost defends you. (SH +4)


Message History

The orc priest shouts!
An orc comes into view. It is wielding a +0 club.
The orc shouts!
The orc hits you with a +0 flail.
You completely miss the orc.
The orc priest mumbles some strange prayers to Beogh against you.
Beogh smites you! The orc hits you with a +0 flail.
You hit the orc.
The orc is poisoned.
The orc is heavily wounded.
You block the orc's attack.
You hit the orc priest.
The orc priest is lightly wounded.
The orc priest hits you but does no damage.
The orc hits you but does no damage.
You hit the orc priest but do no damage.
The orc priest is lightly wounded.
The orc priest invokes the aid of Beogh against you.
Pain shoots through your body! The orc barely misses you.
Unknown command.
You closely miss the orc priest.
The orc priest calls down the wrath of Beogh upon you.
Beogh smites you!
* * * LOW HITPOINT WARNING * * *
You block the orc's attack.
Unknown command.
It was a potion of ambrosia.
You are confused.
You feel invigorated.
The orc priest invokes the aid of Beogh against you.
Pain shoots through your body!
* * * LOW HITPOINT WARNING * * *
The orc misses you.
The orc priest looks braver for a moment.
The orc closely misses you.
It was a potion of berserk rage.
A red film seems to cover your vision as you go berserk!
You feel yourself moving faster!
You feel mighty!
The orc priest mumbles some strange prayers to Beogh against you.
Pain shoots through your body!
You die...

#...##....##..##..#
##..##.....#..#...#
##..##.....#..#...#
#..........#..#...#
#...##....##..'...#
#...##....##..#...#
#>..##....##..##...
#...#.....##..##...
#o@o#.....+........
#oo.+.....#........
#...#.....##+###...
##..# #... #..#
#... .... +..# ...#
#..# #..# ######..#
.........


You could see 2 orc priests and 2 orcs.

Vanquished Creatures
  Eustachio (D:4)
  An orc priest (D:3)
  Terence (D:2)
  An iguana (D:3)
  3 orc wizards
  3 adders
  2 worms (D:2)
  A dart slug (D:3)
  5 orcs
  5 endoplasms
  3 giant cockroaches (D:2)
  6 goblins
  6 hobgoblins
  5 kobolds
  2 quokkas
  5 ball pythons
  7 bats
  3 frilled lizards
  A rat (D:3)
61 creatures vanquished.

Notes
Turn   | Place    | Note
-------+----------+-------------------------------------------
     0 | D:1      | Shayle the Demonspawn Reaver began the quest for the Orb.
     0 | D:1      | Reached XP level 1. HP: 16/16 MP: 3/3
   339 | D:1      | Gained mutation: A meltable shield of frost defends you.
                  | (SH +4) [demonic ancestry]
   339 | D:1      | Reached XP level 2. HP: 22/22 MP: 5/5
  1118 | D:2      | Reached XP level 3. HP: 28/28 MP: 6/6
  1812 | D:2      | Noticed Terence
  1822 | D:2      | Killed Terence
  1823 | D:2      | Gained mutation: You regenerate a little health from kills.
                  | [demonic ancestry]
  1823 | D:2      | Reached XP level 4. HP: 34/34 MP: 7/7
  2179 | D:3      | Gained mutation: You have large cloven feet. [demonic
                  | ancestry]
  2179 | D:3      | Reached XP level 5. HP: 24/40 MP: 9/9
  2512 | D:3      | Found a stormy altar of Qazlal.
  2798 | D:4      | Reached skill level 4 in Conjurations
  2802 | D:3      | Found a snail-covered altar of Cheibriados.
  2901 | D:4      | Found a blossoming altar of Fedhas.
  2908 | D:4      | Noticed Eustachio
  2929 | D:4      | Found an iron altar of Okawaru.
  2940 | D:4      | Killed Eustachio
  2941 | D:4      | Gained mutation: You are surrounded by a mild repulsion
                  | field. (EV +2) [demonic ancestry]
  2941 | D:4      | Reached XP level 6. HP: 31/47 MP: 10/10
  3005 | D:4      | Noticed a +0 falchion
  3006 | D:4      | Noticed a +0 falchion
  3006 | D:4      | Noticed a +0 dagger
  3007 | D:4      | Noticed a +0 short sword
  3008 | D:4      | Noticed a +0 short sword
  3025 | D:4      | Noticed a +0 spear
  3026 | D:4      | Noticed a +0 spear
  3027 | D:4      | Noticed a +0 dagger
  3108 | D:4      | HP: 1/47 [orc priest/nerve-wracking pain (10)]
  3109 | D:4      | Killed from afar by an orc priest

Illustrated notes

Levels and vault maps discovered:
D:1:      dpeg_arrival_simpleton_c, layout_basic
D:2:      layout_basic, uniq_terence
D:3:      layout_rooms, worldfamousw_hep_ancestral_shrine, slow_altar_1,
          lemuel_crystal_altar, mainiacjoe_overflow_24_doors
D:4:      layout_gridville, kennysheep_mini_moat, nicolae_uskayaw_en_pointe,
          mainiacjoe_overflow_cross_hatched, uniq_eustachio

Skill      XL: |  1  2  3  4  5 |
---------------+----------------+-----
Dodging        | 2 3 |  3.2
Axes           | 3 |  3.8
Fighting       | 3 |  3.4
Spellcasting   | 3 |  3.3
Conjurations   | 4 |  4.3

Action                   |  1- 3 |  4- 6 || total
-------------------------+-------+-------++-------
Melee: Hand axe          |    15 |       ||    15
       Dagger            |    92 |   135 ||   227
       Punch             |     1 |     4 ||     5
       Kick              |       |    32 ||    32
  Use: Scroll            |       |     6 ||     6
       Potion            |       |     3 ||     3
 Stab: Sleeping          |     1 |       ||     1
Armor: Leather armour    |    25 |       ||    25
       Scale mail        |       |    70 ||    70
Dodge: Dodged            |    58 |    67 ||   125
Block: Other             |    21 |    21 ||    42

Table legend: (Time is in decaauts)
 A = Elapsed time spent in this place.
 B = Non-inter-level travel time spent in this place.
 C = Inter-level travel time spent in this place.
 D = Time resting spent in this place.
 E = Time spent auto-exploring this place.
 F = Levels seen in this place.
 G = Mean time per level.
                   A        B        C        D        E       F      G
               +--------+--------+--------+--------+--------+-----+--------+
         Total |   3112 |   3037 |     75 |    368 |   1902 |   4 |  778.0 |
       Dungeon |   3112 |   3037 |     75 |    368 |   1902 |   4 |  778.0 |
               +--------+--------+--------+--------+--------+-----+--------+

Top non-repeatable levels by time:
     D:2: 1088 daAuts
     D:1: 995 daAuts
     D:3: 548 daAuts
     D:4: 480 daAuts
